 Dungeon Crawl Stone Soup version 0.31.0-11-ge490571c62 (webtiles) character file.

Game seed: 4087726991101907538

1064 apoch the Cleaver (level 8, -6/70 HPs)
             Began as a Minotaur Fighter on Jan 28, 2024.
             Killed from afar by an acid dragon (23 damage)
             ... with a splash of acid
             ... on level 5 of the Dungeon.
             The game lasted 00:09:09 (3749 turns).

apoch the Cleaver (Minotaur Fighter)                Turns: 3749, Time: 00:09:09

Health: -6/70      AC: 12    Str: 24    XL:     8   Next: 6%
Magic:  7/7        EV:  8    Int:  5    God:
Gold:   233        SH:  4    Dex:  9    Spells: 7/7 levels left

rFire   . . .        a - +0 war axe
rCold   + . .        c - +0 buckler
rNeg    + . .        A - +1 chain mail {rC+}
rPois   +            (helmet restricted)
rElec   .            o - +0 cloak
rCorr   .            (no gloves)
SInv    .            (no boots)
Will    .....        (no amulet) Stlth
                     r - ring of poison resistance
HPRegen 0.31/turn    t - ring of positive energy
MPRegen 0.10/turn

%: no passive effects
@: no status effects
A: horns 2, retaliatory headbutt
a: no special abilities


You were on level 5 of the Dungeon.
You visited 1 branch of the dungeon, and saw 5 of its levels.

You collected 233 gold pieces.

Inventory:

Hand Weapons
 a - a +0 war axe (weapon)
 b - a +0 morningstar
Missiles
 e - 45 stones (quivered)
 l - 2 boomerangs
 m - 8 poisoned darts
Armour
 c - a +0 buckler (worn)
 o - a +0 cloak (worn)
 A - a +1 chain mail of cold resistance (worn)
Jewellery
 f - a ring of flight
 g - a ring of magical power
 r - a ring of poison resistance (left hand)
 t - a ring of positive energy (right hand)
 z - a +6 ring of intelligence
Scrolls
 h - a scroll of noise
 i - a scroll of amnesia
 j - a scroll of identify
Potions
 d - a potion of might
 k - 2 potions of curing
 n - a potion of haste
 u - 2 potions of attraction
 v - a potion of magic
 w - 2 potions of enlightenment


   Skills:
 * Level 6.0 Fighting
 - Level 10.0 Axes
 + Level 4.9 Armour
 - Level 3.6 Shields


You had 7 spell levels left.
You didn't know any spells.
Your spell library contained the following spells:

 Spells                   Type           Power      Damage    Failure   Level
 Kiss of Death            Conj/Necr      0%         2d5       98%         1
 Sublimation of Blood     Necr           0%         N/A       99%         2
 Confusing Touch          Hex            0%         N/A       100%        3
 Inner Flame              Hex/Fire       0%         N/A       100%        3
 Tukima's Dance           Hex            0%         N/A       100%        3
 Dispel Undead            Necr           0%         3d6       100%        4
 Flame Wave               Conj/Fire      0%         2d4       100%        4
 Passage of Golubria      Tloc           0%         N/A       100%        4
 Petrify                  Alch/Erth      0%         N/A       100%        4
 Sticky Flame             Fire/Alch      0%         2d4       100%        4
 Irradiate                Conj/Alch      0%         3d11      100%        5
 Yara's Violent Unravell  Hex/Alch       0%         3d3       100%        5


Dungeon Overview and Level Annotations

Branches:
Dungeon (5/15)
 Temple: D:4-7

Altars:
Kikubaaqudgha

Shops:
D:4 :


Innate Abilities, Weirdness & Mutations

You have a pair of horns on your head.
You reflexively headbutt those who attack you in melee.


Message History

The scorpion is heavily wounded.
The scorpion stings you.
You barely miss the scorpion.
The scorpion is heavily wounded.
The scorpion stings you but does no damage. x2
You slash the scorpion!
You kill the scorpion!
Your Fighting skill increases to level 6!
You see here a scorpion corpse.
You start resting.
HP restored.
You see here a scorpion corpse.
There is a stone staircase leading up here.
You now have 216 gold pieces (gained 10).
You now have 233 gold pieces (gained 17).
An acid dragon comes into view.
The acid dragon roars!
The acid dragon spits acid at you. The splash of acid hits you!
You hear a shout! x2
A bombardier beetle and an orc come into view.
The orc shouts!
The acid dragon bites you! You block the acid dragon's attack.
You closely miss the acid dragon. Your headbutt misses the acid dragon.
An orc wizard comes into view. It is wielding a +0 dagger.
The acid dragon spits acid at you. The splash of acid hits you!!
You closely miss the acid dragon. Your headbutt misses the acid dragon.
An orc comes into view. It is wielding a +0 whip.
The acid dragon bites you!
* * * LOW HITPOINT WARNING * * *
The acid dragon claws you but does no damage.
The orc wizard casts a spell.
The orc wizard flickers and vanishes!
Deactivating autopickup; reactivate with Ctrl-A.
The acid dragon attacks as it pursues you!
The acid dragon bites you but does no damage.
The acid dragon claws you but does no damage.
The acid dragon spits acid at you. The splash of acid hits you!!
You die...

~~~* *..>**,,,,,,*,,,,,,,,,,,,,,
#######.#****..,,...###.*..,,,<,,
........######.,,......##..,,,,,,
...............###.........,,,,,,
..##.......>*...#...B....##*,,,,,
[.##....#...###...........#,,,,,,
.<....####...#...........##*,,,,*
.†......####.#............#,,,,,*
.......#####....@.D........,,,,,,
).......#..................,,,,,,
.)......#..##.....##o......,,,,,,
.)......##.##......##..##..,,,,,,
........#..........#*..#*,#******
....###<.......#.......#*,*,,,,,,
#....###......##.......o,,*,,,,,,
............#..#........{,*,,,,,,
........#.............#.,,^,,,_,,


You could see an acid dragon (catching breath), a bombardier beetle and an orc.

Vanquished Creatures
  Sigmund (D:3)
  Eustachio (D:4)
  Duvessa (D:4)
  An ogre (D:4)
  A bullfrog (D:4)
  A scorpion (D:5)
  Dowan (D:4)
  A hound (D:4)
  2 orc priests (D:4)
  A sleepcap (D:4)
  A gnoll bouda (D:5)
  3 iguanas
  An orc wizard (D:4)
  4 gnolls (D:5)
  An adder (D:5)
  An adder zombie (D:5)
  A ribbon worm (D:2)
  2 dart slugs
  5 orcs
  10 ball pythons
  8 bats
  7 endoplasms
  4 giant cockroaches
  8 goblins
  6 hobgoblins
  5 jackals
  4 quokkas
  6 frilled lizards
  A jackal zombie (D:5)
  12 kobolds
  7 rats
108 creatures vanquished.

Notes
Turn   | Place    | Note
-------+----------+-------------------------------------------
     0 | D:1      | apoch the Minotaur Fighter began the quest for the Orb.
     0 | D:1      | Reached XP level 1. HP: 19/19 MP: 0/0
    60 | D:1      | Reached skill level 3 in Axes
    84 | D:1      | Reached XP level 2. HP: 26/26 MP: 1/1
   162 | D:1      | You fall into a shaft and drop 1 floor!
   180 | D:2      | Reached skill level 4 in Axes
   271 | D:2      | Found an ancient bone altar of Kikubaaqudgha.
   276 | D:2      | Reached XP level 3. HP: 31/31 MP: 2/2
   874 | D:2      | Reached skill level 5 in Axes
  1149 | D:3      | Found a faded altar of an unknown god.
  1150 | D:3      | Noticed Sigmund
  1155 | D:3      | Killed Sigmund
  1156 | D:3      | Reached skill level 7 in Axes
  1156 | D:3      | Reached XP level 4. HP: 36/39 MP: 3/3
  1156 | D:3      | Reached XP level 5. HP: 41/45 MP: 4/4
  1835 | D:4      | Reached XP level 6. HP: 20/51 MP: 5/5
  2064 | D:4      | Identified the +3 sling of Cuappiuh {speed, ^Fragile Will+
                  | rCorr Dex+3}
  2120 | D:4      | Noticed Eustachio
  2155 | D:4      | Killed Eustachio
  2156 | D:4      | Reached skill level 8 in Axes
  2379 | D:4      | Reached skill level 9 in Axes
  2379 | D:4      | Reached XP level 7. HP: 57/57 MP: 6/6
  2645 | D:4      | Noticed Dowan
  2648 | D:4      | Noticed Duvessa
  2667 | D:4      | Killed Duvessa
  2671 | D:4      | Killed Dowan
  2672 | D:4      | Reached skill level 10 in Axes
  2833 | D:4      | Found Ribrig's Tiny Tomes.
  2996 | D:5      | Entered Level 5 of the Dungeon
  3173 | D:4      | HP: 1/60 [iguana (9)]
  3177 | D:4      | Reached skill level 5 in Fighting
  3538 | D:5      | Reached XP level 8. HP: 30/70 MP: 7/7
  3749 | D:5      | Killed from afar by an acid dragon

Illustrated notes

Levels and vault maps discovered:
D:1:      sevenhm_arrival_forest_fort_small_4, layout_basic, minmay_crystal_room
D:2:      layout_rooms, basic_altar
D:3:      layout_loops_ring, basic_ecumenical_altar, lexackson_kobold_supper,
          uniq_sigmund
D:4:      layout_basic, nicolae_shop_i_like_small_books_too,
          minmay_misc_feat_more_columns, minmay_large_rounded_square,
          kennysheep_generic_room_11, uniq_eustachio, uniq_duvessa
D:5:      layout_cave_pools, mainiacjoe_overflow_catwalk,
          lemuel_zombie_altar_kikubaaqudgha, lemuel_tele_altar

Skill      XL: |  1  2  3  4  5  6  7  8 |
---------------+-------------------------+-----
Axes           | 3 4 7 9 10 | 10.0
Fighting       | 5 6 |  6.0
Armour         | 4 |  4.9
Shields        | |  3.6

Action                     |  1- 3 |  4- 6 |  7- 9 || total
---------------------------+-------+-------+-------++-------
  Melee: War axe           |    91 |    85 |    88 ||   264
         Headbutt          |     9 |    13 |    15 ||    37
  Throw: Stone             |     1 |     2 |     4 ||     7
    Use: Potion            |     1 |       |     1 ||     2
         Scroll            |       |       |    10 ||    10
 Armour: Scale mail        |    66 |    55 |       ||   121
         Chain mail        |       |       |   107 ||   107
  Dodge: Dodged            |    47 |    40 |    26 ||   113
  Block: Buckler           |    28 |    18 |    17 ||    63
